 Dungeon Crawl Stone Soup version 0.21.1-1-g345015f (webtiles) character file.

145 Dioder the Ruffian (level 5, -3/54 HPs)
             Began as a Troll Monk on Feb 20, 2018.
             Slain by an orc priest
             ... wielding a +0 trident
              (10 damage)
             ... on level 3 of the Dungeon.
             The game lasted 00:02:33 (1564 turns).

Dioder the Ruffian (Troll Monk)                     Turns: 1564, Time: 00:02:34

Health: -3/54      AC:  6    Str: 18 (20) XL:     5   Next: 6%
Magic:  4/4        EV: 10    Int:  4 (6)  God:
Gold:   112        SH:  0    Dex: 11 (12) Spells: 4/4 levels left

rFire    . . .     SeeInvis .     - Unarmed
rCold    . . .     Gourm    +   (no shield)
rNeg     . . .     Faith    .   a - +1 robe
rPois    .         Spirit   .   (helmet restricted)
rElec    .         Reflect  .   (no cloak)
rCorr    .         Harm     .   (gloves unavailable)
MR       .....                  (boots unavailable)
Stlth    +.........             (no amulet)
HPRegen  0.58/turn              (no ring)
MPRegen  0.09/turn              (no ring)

@: no status effects
A: large, unfitting armour, claws 3, fast metabolism 3, gourmand, regeneration
1, shaggy fur 1, tough skin 2
a: no special abilities


You were on level 3 of the Dungeon.
You were very full.

You visited 1 branch of the dungeon, and saw 3 of its levels.

You collected 112 gold pieces.

Inventory:

Armour
 a - a +1 robe (worn)
Jewellery
 k - a +3 ring of evasion
Scrolls
 c - a scroll of blinking {unknown}
 d - 2 scrolls of remove curse
 e - 3 scrolls of identify
Potions
 g - a potion of curing
 h - a potion of invisibility {unknown}
Comestibles
 b - 6 rations
 i - 5 chunks of flesh


   Skills:
 + Level 3.7 Fighting
 - Level 2.4 Dodging
 - Level 1.0 Stealth
 + Level 4.6 Unarmed Combat


You had 4 spell levels left.
You didn't know any spells.

Dungeon Overview and Level Annotations

Branches:
Dungeon (3/15)

Altars:
Ashenzari
Qazlal
Xom


Innate Abilities, Weirdness & Mutations

You are too large for most types of armour.
You have claws for hands.
Your metabolism is lightning-fast.
You like to eat raw meat.
Your natural rate of healing is unusually fast.
You are covered in fur. (AC +1)
You have very tough skin. (AC +2)


Message History

You claw the kobold!
You kill the kobold!
The orc priest looks encouraged for a moment.
The orc priest invokes the aid of Beogh against you.
Beogh smites you!
* * * LOW HITPOINT WARNING * * *
You see here a club.
The orc priest hits you with a trident.
* * * LOW HITPOINT WARNING * * *
You claw the orc priest!
The orc priest is severely wounded.
The orc priest hits you but does no damage.
You barely miss the orc priest.
The orc priest is severely wounded.
The orc priest hits you with a short sword.
* * * LOW HITPOINT WARNING * * *
The orc priest hits you with a trident.
* * * LOW HITPOINT WARNING * * *
The orc priest hits you from afar with a trident!
You die...

#.......<..##########.......
####..............# #.##....
#.#..##..#..#### #.......
#.#..##.....#.####....##.
#.#..............###.....
#.#...................##.
#.#..##..................
#....##.##..........##.##
####....@ooo.............
#######.....#.......## ##
#####..#.....#....##
...............#..<.##
#.##.#..#..####.....#
#...............#...#
#.##)#.##.......#...#
#.........[.....###.#
#...............# ##


You could see 2 orc priests and an orc.

Vanquished Creatures
  6 adders
  An ooze (D:2)
  An adder skeleton (D:3)
  2 worms (D:2)
  2 leopard geckos (D:2)
  An orc (D:3)
  13 bats
  4 giant cockroaches
  4 goblins
  12 hobgoblins
  3 jackals (D:1)
  6 kobolds
  2 quokkas
  3 frilled lizards
  12 rats
72 creatures vanquished.

Notes
Turn   | Place    | Note
-------+----------+-------------------------------------------
     0 | D:1      | Dioder the Troll Monk began the quest for the Orb.
     0 | D:1      | Reached XP level 1. HP: 22/22 MP: 0/0
   154 | D:1      | Reached XP level 2. HP: 29/29 MP: 1/1
   398 | D:1      | Reached XP level 3. HP: 33/37 MP: 2/2
   890 | D:2      | Found a shattered altar of Ashenzari.
   931 | D:2      | Reached skill level 4 in Unarmed Combat
   966 | D:2      | Reached XP level 4. HP: 38/45 MP: 3/3
  1017 | D:2      | Found a shimmering altar of Xom.
  1385 | D:3      | Reached XP level 5. HP: 54/54 MP: 4/4
  1479 | D:3      | Found a stormy altar of Qazlal.
  1482 | D:3      | Noticed a fire elemental
  1485 | D:3      | Noticed an air elemental
  1485 | D:3      | Noticed a water elemental
  1564 | D:3      | Slain by an orc priest

Skill      XL: |  1  2  3 |
---------------+----------+-----
Fighting       | 3 |  3.7
Unarmed Combat | 4 |  4.6
Dodging        | |  2.4
Stealth        | |  1.0

Action                   |  1- 3 |  4- 6 || total
-------------------------+-------+-------++-------
Melee: Unarmed           |    87 |    83 ||   170
       Punch             |     2 |     1 ||     3
  Use: Scroll            |       |     7 ||     7
       Potion            |       |     7 ||     7
  Eat: Chunk             |    14 |     5 ||    19
Armor: Robe              |    34 |    37 ||    71
Dodge: Dodged            |    39 |    49 ||    88
